 Dungeon Crawl Stone Soup version 0.18.1-50-g88ac8fd (webtiles) character file.

19214 KarmaPolice the Jinx (level 12, -3/60 HPs)
             Began as a Vine Stalker Enchanter on Sept 20, 2016.
             Was a Priest of Dithmenos.
             Slain by a catoblepas (10 damage)
             ... on level 4 of the Lair of Beasts.
             The game lasted 01:28:41 (15462 turns).

KarmaPolice the Jinx (Vine Stalker Enchanter)      Turns: 15462, Time: 01:28:41

Health: -3/60      AC:  7    Str: 11    XL:     12   Next: 66%
Magic:  0/34       EV:  2    Int: 20    God:    Dithmenos [***...]
Gold:   893        SH:  0    Dex: 21    Spells: 4 memorised, 19 levels left

rFire  . . .     SeeInvis +     Q - +5 dagger of the Head {drain, +Rage MR+ MP+9 Dex-4}
rCold  . . .     Gourm    .     E - +3 leather armour {MR+}
rNeg   + + +     Faith    .     (no shield)
rPois  ∞         Spirit   +     (no helmet)
rElec  .         Dismiss  .     (no cloak)
rCorr  .         Reflect  +     C - +0 pair of gloves
SustAt .         Harm     .     (no boots)
MR     +++..                    v - +2 amulet of reflection
Stlth  +++++++...               K - ring of wizardry
                                f - ring of Reimbursement {rN+ Int+5 Dex+5 SInv}

@: petrified, wreathed by umbra, extremely resistant to hostile enchantments,
extremely stealthy
A: fangs 3, regeneration 3, magic shield, antimagic bite, no device heal 3, rot
immunity
a: Shadow Step, Renounce Religion, Evoke Berserk Rage


You were on level 4 of the Lair of Beasts.
You worshipped Dithmenos.
Dithmenos was most pleased with you.
You were not hungry.

You visited 3 branches of the dungeon, and saw 15 of its levels.

You collected 893 gold pieces.

Inventory:

Hand Weapons
 q - a +0 dagger of venom
 Q - the +5 dagger of the Head (weapon) {drain, +Rage MR+ MP+9 Dex-4}
   (You found it on level 7 of the Dungeon)

   A truly terrible weapon, it drains the life of those it strikes.
   It affects your dexterity (-4).
   It affects your resistance to hostile enchantments.
   It affects your magic capacity (+9).
   It lets you go berserk.
Armour
 C - a +0 pair of gloves (worn)
 E - a +3 leather armour of magic resistance (worn)
 R - a +0 robe of cold resistance
Jewellery
 f - the ring of Reimbursement (left hand) {rN+ Int+5 Dex+5 SInv}
   (You found it on level 3 of the Lair of Beasts)

   [ring of positive energy]

   It affects your intelligence (+5).
   It affects your dexterity (+5).
   It protects you from negative energy.
   It lets you see invisible.
 u - an uncursed ring of resist corrosion
 v - a +2 amulet of reflection (around neck)
 K - a ring of wizardry (right hand)
 N - an uncursed ring of stealth
Scrolls
 k - 7 scrolls of remove curse
 n - 2 scrolls of random uselessness
 p - 2 scrolls of amnesia
 r - 2 scrolls of fog
 s - 5 scrolls of magic mapping
 t - 2 scrolls of teleportation
 x - 3 scrolls of recharging
 G - 2 scrolls of immolation
 L - a scroll of brand weapon
 O - 2 scrolls of enchant armour
 S - 2 scrolls of enchant weapon
Potions
 a - 2 potions of resistance
 e - 4 potions of mutation
 g - 11 potions of curing
 h - a potion of agility
 i - 2 potions of brilliance
 l - 2 potions of flight
 o - 4 potions of heal wounds
 w - a potion of cure mutation
 B - a potion of haste
 D - a potion of magic {unknown}
 M - a potion of lignification
Books
 c - a book of Maledictions

   Spells                             Type                      Level
   a - Corona                         Hexes                        1
   b - Ensorcelled Hibernation        Hexes/Ice                    2
   c - Confuse                        Hexes                        3
   d - Tukima's Dance                 Hexes                        3
   e - Dazzling Spray                 Conjuration/Hexes            3
 y - a book of Misfortune

   Spells                             Type                      Level
   a - Confusing Touch                Hexes                        2
   b - Confuse                        Hexes                        3
   c - Gell's Gravitas                Hexes/Translocation          3
   d - Petrify                        Transmutation/Earth          4
   e - Metabolic Englaciation         Hexes/Ice                    5
   f - Yara's Violent Unravelling     Hexes/Transmutation          5
Comestibles
 b - 5 chunks of flesh
 d - 9 bread rations
 j - 4 beef jerkies
 m - 4 slices of pizza
 z - 10 fruits
 A - a royal jelly
 J - 2 meat rations


   Skills:
 * Level 5.0 Fighting
 - Level 6.1 Short Blades
 - Level 1.6 Dodging
 + Level 10.3 Stealth
 - Level 8.7 Spellcasting
 + Level 10.9 Hexes
 - Level 8.0 Ice Magic
 - Level 7.1 Invocations


You had 19 spell levels left.
You knew the following spells:

 Your Spells              Type           Power        Failure   Level  Hunger
a - Corona                Hex            ######.      1%          1    None
b - Ensorcelled Hibernat  Hex/Ice        #####.       1%          2    None
c - Confuse               Hex            ######..     1%          3    None
d - Tukima's Dance        Hex            ######..     1%          3    None


Dungeon Overview and Level Annotations

Branches:
Dungeon (10/15)            Temple (1/1) D:5            Lair (4/8) D:9
  Snake (0/4) Lair:3
  Swamp: Lair:3-6    Shoals: Lair:3-6       Orc: D:9-12

Altars:
Ashenzari
Cheibriados
Dithmenos
Elyvilon
Fedhas
Gozag
Kikubaaqudgha
Makhleb
Nemelex Xobeh
Okawaru
Pakellas
Qazlal
Ru
Sif Muna
Trog
Vehumet
Xom
Yredelemnul
Zin
The Shining One

Shops:
D:4 =[:=*   D:5 (   D:10 }

Annotations:
D:6 Edmund
D:8 Gastronok
D:10 Maud
Lair:2 exclusion: 2 oklob plants


Innate Abilities, Weirdness & Mutations

You have razor-sharp teeth.
You regenerate.
When hurt, damage is shared between your health and your magic reserves.
Your bite disrupts and absorbs the magic of your enemies.
Potions and wands cannot restore your health.
You are immune to rotting.


Message History

The blast of calcifying dust hits you!
You are engulfed in calcifying dust.
You are slowing down.
Your limbs are stiffening.
You have turned to stone.
The catoblepas gores you!!
* * * LOW HITPOINT WARNING * * *
The catoblepas gores you!!
* * * LOW HITPOINT WARNING * * *
The catoblepas breathes a plume of calcifying dust at you.
The blast of calcifying dust hits you!
You are engulfed in calcifying dust.
The catoblepas breathes a plume of calcifying dust at you.
The blast of calcifying dust hits you!
* * * LOW HITPOINT WARNING * * *
You are engulfed in calcifying dust.
The catoblepas gores you!
* * * LOW HITPOINT WARNING * * *
You are engulfed in calcifying dust.
The catoblepas gores you.
The catoblepas seems less drained.
The catoblepas gores you!!
You die...

###..#.#....#.#..##P##.#
............###..#####.#
......<...........§^[..##
........................#
.................§§§...P#
.................§§..[..#
..##.#..........§Y......#
.###.###......#Y###..#..##
......#.......#.@#..#..#.#
.......#.....##.....+..###
.#....P......#....§....#
....<..P.....#.....§.P.#
.##....#.....#.......#..
.##...#.......#.........
..÷##.#......##.........
÷#.P####.....##P..##...#
..............####.#.#.


You could see a catoblepas.

Vanquished Creatures
  A hill giant (D:10)
  Pikel (D:8)
  A black mamba (Lair:1)
  7 spiny frogs
  2 rime drakes
  4 komodo dragons
  A polar bear (Lair:2)
  Prince Ribbit (D:7)
  12 blink frogs
  Sigmund (D:3)
  A spriggan (D:7)
  A shadow (D:7)
  16 yaks
  A hippogriff (Lair:3)
  A basilisk (Lair:3)
  A hungry ghost (D:7)
  6 wargs (D:7)
  2 nagas (Lair:3)
  7 water moccasins
  A porcupine (Lair:2)
  3 orc warriors
  A black bear (Lair:2)
  A sky beast (D:7)
  A wasp (D:9)
  2 necrophages
  2 ogres (D:6)
  A phantom (D:7)
  8 wolves
  5 centaurs
  8 crocodiles
  A big kobold (D:7)
  Blork the orc (D:6)
  9 giant frogs
  19 killer bees
  4 scorpions
  3 wights (D:7)
  2 jellies (D:7)
  An electric eel (D:8)
  2 crimson imps
  9 hounds
  7 orc wizards
  A giant frog skeleton (D:9)
  A gnoll shaman (D:9)
  6 orc priests
  3 iguanas
  Terence (D:2)
  15 worker ants
  15 sheep
  A killer bee zombie (D:8)
  A hound skeleton (D:4)
  9 gnolls
  11 adders
  33 river rats
  2 shadow imps
  An ooze (D:1)
  An adder zombie (D:7)
  2 adder skeletons
  A worm (D:2)
  3 dart slugs
  6 giant geckos
  38 orcs
  6 giant cockroaches
  5 goblins
  4 hobgoblins
  8 jackals
  3 quokkas
  5 bats
  A giant cockroach zombie (D:5)
  3 giant newts
  18 kobolds
  2 quokka skeletons
  A quokka zombie (D:6)
  6 rats
371 creatures vanquished.

Vanquished Creatures (collateral kills)
  A naga (Lair:3)
  An orc warrior (D:8)
  An ogre (D:9)
3 creatures vanquished.

Vanquished Creatures (others)
  5 dancing weapons
  2 slaves (D:8)
  A hound (D:8)
  10 fungi
  11 plants
29 creatures vanquished.

Grand Total: 403 creatures vanquished

Notes
Turn   | Place    | Note
--------------------------------------------------------------
     0 | D:1      | KarmaPolice the Vine Stalker Enchanter began the quest for the Orb.
     0 | D:1      | Reached XP level 1. HP: 9/9 MP: 4/4
    71 | D:1      | Reached skill level 1 in Short Blades
    71 | D:1      | Reached XP level 2. HP: 10/13 MP: 6/6
    85 | D:1      | Learned a level 2 spell: Ensorcelled Hibernation
   545 | D:2      | Reached XP level 3. HP: 16/16 MP: 3/7
   597 | D:2      | Noticed Terence
   730 | D:2      | Killed Terence
   730 | D:2      | Reached XP level 4. HP: 13/21 MP: 4/9
   741 | D:2      | Learned a level 3 spell: Confuse
   854 | D:2      | Found a white marble altar of Elyvilon.
  1510 | D:3      | Noticed Sigmund
  1525 | D:3      | Killed Sigmund
  1525 | D:3      | Reached skill level 5 in Stealth
  1525 | D:3      | Reached skill level 1 in Ice Magic
  1525 | D:3      | Reached XP level 5. HP: 24/24 MP: 6/11
  1525 | D:3      | Gained mutation: You heal very quickly. [Vine Stalker growth]
  1525 | D:3      | Reached XP level 6. HP: 28/28 MP: 6/12
  1912 | D:4      | Found Kusm's Assorted Antiques.
  2537 | D:4      | Found Roloeh's Book Emporium.
  2611 | D:4      | Found Jidghef's Armour Emporium.
  2646 | D:4      | Found Ylodwir's Jewellery Shop.
  2978 | D:4      | Found Peekunuy's Jewellery Shop.
  3002 | D:4      | Reached XP level 7. HP: 26/32 MP: 7/14
  3261 | D:5      | Entered Level 5 of the Dungeon
  3302 | D:5      | Found a staircase to the Ecumenical Temple.
  3339 | Temple   | Entered the Ecumenical Temple
  3606 | D:5      | Found a shadowy altar of Dithmenos.
  3617 | D:5      | Became a worshipper of Dithmenos the Shadowed
  3677 | D:5      | Learned a level 3 spell: Tukima's Dance
  3714 | D:5      | Found a bloodstained altar of Trog.
  3725 | D:5      | Found Ribohas's Antique Weapon Shop.
  4114 | D:5      | Reached skill level 1 in Invocations
  4206 | D:5      | Reached skill level 5 in Hexes
  4500 | D:6      | Gained mutation: You have razor-sharp teeth. [Vine Stalker growth]
  4500 | D:6      | Reached XP level 8. HP: 36/36 MP: 16/16
  4551 | D:6      | Noticed Blork the orc
  4628 | D:6      | Reached skill level 5 in Spellcasting
  4842 | D:6      | Noticed Edmund
  4987 | D:6      | Found a shattered altar of Ashenzari.
  5398 | D:6      | Killed Blork the orc
  5398 | D:6      | Reached * piety under Dithmenos
  5431 | D:7      | Noticed Prince Ribbit
  5439 | D:7      | Killed Prince Ribbit
  5439 | D:7      | Reached skill level 5 in Ice Magic
  5452 | D:7      | Reached XP level 9. HP: 39/39 MP: 6/19
  6522 | D:7      | Reached skill level 5 in Invocations
  6903 | D:7      | Reached XP level 10. HP: 7/44 MP: 4/21
  6910 | D:7      | Reached ** piety under Dithmenos
  7267 | D:7      | Noticed an orc knight
  7267 | D:7      | Noticed an orc knight
  7544 | D:7      | Got an iridescent dagger
  7546 | D:7      | Identified the +5 dagger of the Head {drain, +Rage MR+ MP+9 Dex-4} (You found it on level 7 of the Dungeon)
  7949 | D:8      | Found an opulent altar of Gozag.
  8077 | D:8      | Found a white marble altar of Elyvilon.
  8165 | D:8      | Noticed Gastronok
  8211 | D:8      | Found a deep blue altar of Sif Muna.
  8389 | D:8      | Noticed Pikel
  8417 | D:8      | Killed Pikel
  8432 | D:8      | Found a stormy altar of Qazlal.
  8944 | D:9      | Reached *** piety under Dithmenos
  8980 | D:9      | Found a staircase to the Lair.
  9062 | D:9      | Reached skill level 5 in Short Blades
  9306 | D:8      | Found a snail-covered altar of Cheibriados.
  9748 | D:9      | Reached XP level 11. HP: 31/47 MP: 16/22
 10424 | D:9      | Found a sacrificial altar of Ru.
 10658 | D:10     | Entered Level 10 of the Dungeon
 10658 | D:10     | Noticed a hill giant
 10754 | D:10     | Found Pyqexzef's Gadget Boutique.
 10762 | D:10     | Noticed a hill giant
 10775 | D:10     | Killed a hill giant
 10816 | D:10     | Noticed Maud
 11197 | Lair:1   | Entered Level 1 of the Lair of Beasts
 11496 | Lair:1   | Reached **** piety under Dithmenos
 13141 | Lair:2   | Noticed an oklob plant
 13141 | Lair:2   | Noticed an oklob plant
 13349 | Lair:3   | Got a wavering silver ring
 13423 | Lair:3   | Reached skill level 10 in Hexes
 13456 | Lair:3   | Reached skill level 1 in Fighting
 13456 | Lair:3   | Gained mutation: You regenerate. [Vine Stalker growth]
 13456 | Lair:3   | Reached XP level 12. HP: 53/53 MP: 25/25
 13489 | Lair:3   | Found a staircase to the Snake Pit.
 14218 | Lair:3   | Reached ***** piety under Dithmenos
 14717 | Lair:3   | Identified the ring of Reimbursement {rN+ Int+5 Dex+5 SInv} (You found it on level 3 of the Lair of Beasts)
 14970 | Lair:3   | Reached skill level 10 in Stealth
 15282 | Lair:4   | Noticed a catoblepas
 15358 | Lair:4   | Reached skill level 5 in Fighting
 15384 | Lair:4   | Noticed a six-headed hydra
 15462 | Lair:4   | Slain by a catoblepas

Skill      XL: |  1  2  3  4  5  6  7  8  9 10 11 12 |
---------------+-------------------------------------+-----
Short Blades   | 1 2 6 |  6.1
Stealth        | 4 5 6 8 10 | 10.3
Spellcasting   | 3 4 6 7 8 |  8.7
Hexes          | 4 5 6 7 8 10 | 10.9
Ice Magic      | 1 2 3 5 6 8 |  8.0
Invocations    | 2 3 5 7 |  7.1
Fighting       | 1 5 |  5.0
Dodging        | |  1.6

Action                   |  1- 3 |  4- 6 |  7- 9 | 10-12 || total
-------------------------+-------+-------+-------+-------++-------
Melee: Dagger            |    39 |   122 |   166 |   604 ||   931
       Bite              |    12 |    28 |    37 |   145 ||   222
 Cast: Ensorcelled Hiber |     3 |    17 |    72 |   142 ||   234
       Corona            |     3 |     5 |    23 |    46 ||    77
       Confuse           |       |     1 |    21 |    19 ||    41
       Tukima's Dance    |       |       |     9 |    15 ||    24
Invok: Shadow Step       |       |       |       |     4 ||     4
  Use: Scroll            |       |     5 |    10 |    13 ||    28
       Potion            |       |       |       |     8 ||     8
 Stab: Sleeping          |    10 |    19 |    46 |   113 ||   188
       Confused          |       |     2 |     8 |     5 ||    15
       Distracted        |       |     1 |       |     4 ||     5
  Eat: Chunk             |       |     8 |    14 |    27 ||    49
       Fruit             |       |       |     1 |     2 ||     3
Armor: Robe              |     5 |    27 |    18 |    50 ||   100
       Leather armour    |       |       |       |    10 ||    10
Dodge: Dodged            |    19 |    65 |   119 |   303 ||   506
Block: Other             |       |       |     8 |    29 ||    37
       Reflection        |       |       |       |     2 ||     2
